 Dungeon Crawl Stone Soup version 0.18.1-5-g4a78601 (webtiles) character file.

1330 Mefis the Magician (level 8, -5/41 HPs)
             Began as a Deep Elf Wizard on May 11, 2016.
             Slain by Grinder (11 damage)
             ... while paralysed by Grinder
             ... on level 6 of the Dungeon.
             The game lasted 00:16:32 (7128 turns).

Mefis the Magician (Deep Elf Wizard)                Turns: 7128, Time: 00:16:33

Health: -5/41      AC:  3    Str:  4    XL:     8   Next: 34%
Magic:  17/34      EV:  2    Int: 26    God:
Gold:   412        SH:  0    Dex: 13    Spells: 7 memorised, 4 levels left

rFire  . . .     SeeInvis .     B - staff of power
rCold  . . .     Gourm    .     a - +0 robe
rNeg   . . .     Faith    .     y - +0 buckler
rPois  .         Spirit   .     b - +0 hat
rElec  .         Dismiss  .     (no cloak)
rCorr  .         Reflect  .     (no gloves)
SustAt .         Harm     +     H - +0 pair of boots
MR     .....                    e - amulet of harm
Stlth  +++.......               (no ring)
                                (no ring)

@: paralysed, repel missiles, not resistant to hostile enchantments, fairly
stealthy
A: no striking features
a: no special abilities


You were on level 6 of the Dungeon.
You were not hungry.

You visited 1 branch of the dungeon, and saw 6 of its levels.

You collected 412 gold pieces.

Inventory:

Hand Weapons
 g - a +0 dagger
 p - a +3 dagger of venom
Missiles
 f - 92 arrows
 m - 8 tomahawks (quivered)
 q - 3 javelins
Armour
 a - a +0 robe (worn)
 b - a +0 hat (worn)
 y - a +0 buckler (worn)
 H - a +0 pair of boots (worn)
Magical Staves
 B - an uncursed staff of power (weapon)
Jewellery
 e - an amulet of harm (around neck)
Wands
 x - a wand of slowing (27/48)
 D - a wand of flame (15/48)
Scrolls
 i - 3 scrolls of identify {unknown}
 k - a scroll of recharging {unknown}
 o - 3 scrolls of remove curse {unknown}
 r - a scroll of fear {unknown}
 u - 2 scrolls of teleportation {unknown}
 v - a scroll of amnesia {unknown}
 A - 2 scrolls of immolation {unknown}
 E - 2 scrolls of enchant armour {unknown}
 F - a scroll of magic mapping {unknown}
Potions
 j - a potion of degeneration {unknown}
 l - a potion of agility {unknown}
 n - 2 potions of heal wounds
 s - 2 potions of resistance {unknown}
 t - a potion of cancellation {unknown}
 z - 2 potions of flight {unknown}
 C - a potion of haste {unknown}
Books
 c - a book of Minor Magic

   Spells                             Type                      Level
   a - Magic Dart                     Conjuration                  1
   b - Blink                          Translocation                2
   c - Call Imp                       Summoning                    2
   d - Repel Missiles                 Charms/Air                   2
   e - Slow                           Hexes                        2
   f - Conjure Flame                  Conjuration/Fire             3
   g - Mephitic Cloud                 Conjuration/Poison/Air       3
Comestibles
 d - 2 bread rations
 h - a royal jelly
 w - 2 beef jerkies
 G - a meat ration
 I - a chunk of flesh


   Skills:
 + Level 5.0 Dodging
 + Level 5.5 Stealth
 - Level 2.9 Shields
 + Level 6.3 Spellcasting
 + Level 4.8 Conjurations
 + Level 3.8 Summonings
 - Level 1.1 Translocations
 + Level 2.6 Fire Magic
 + Level 3.0 Poison Magic


You had 4 spell levels left.
You knew the following spells:

 Your Spells              Type           Power        Failure   Level  Hunger
a - Magic Dart            Conj           ####         1%          1    None
b - Call Imp              Summ           ####....     2%          2    None
c - Blink                 Tloc           N/A          10%         2    None
d - Repel Missiles        Chrm/Air       #.....       12%         2    None
e - Mephitic Cloud        Conj/Pois/Air  ###.....     10%         3    None
f - Conjure Flame         Conj/Fire      ####....     6%          3    None
g - Slow                  Hex            #.......     12%         2    None


Dungeon Overview and Level Annotations

Branches:
Dungeon (6/15)
 Temple: D:4-7

Altars:
Cheibriados
Xom

Annotations:
D:2 rock safe
D:3 Natasha
D:6 Grinder


Message History

Aim: Grinder (heavily wounded)
The magic dart hits Grinder.
Grinder is heavily wounded.
Grinder hits you.
You writhe in agony.
Casting: Magic Dart
Confirm with . or Enter, or press ? or * to list all spells.
A beastly little devil appears in a puff of frigid air.
Grinder closely misses you.
Casting: Call Imp
Confirm with . or Enter, or press ? or * to list all spells.
A beastly little devil appears in a puff of flame.
Grinder hits you!
* * * LOW HITPOINT WARNING * * *
You writhe in agony. x2
Grinder gestures at you.
You suddenly lose the ability to move!
Your crimson imp closely misses Grinder.
Your crimson imp barely misses Grinder.
Grinder hits you!
You die...

############
#...<......#
#...[......#
#....@5....#
#....55....#
#..........#
#........†.#
#.........)#
#............
##########.#.
.# #


You could see Grinder, a friendly crimson imp and a friendly white imp.

Vanquished Creatures
  Menkaure (D:5)
  A phantom (D:4)
  4 ogres
  A sky beast (D:6)
  A howler monkey (D:4)
  2 hounds (D:4)
  A jelly (D:5)
  2 orc wizards (D:4)
  A giant frog skeleton (D:5)
  Jessica (D:6)
  A gnoll shaman (D:5)
  2 iguanas
  A worker ant (D:5)
  Natasha (D:3)
  8 gnolls
  7 adders
  An adder skeleton (D:5)
  7 worms
  2 dart slugs
  2 giant geckos
  20 orcs
  4 ball pythons
  4 giant cockroaches
  10 goblins
  3 hobgoblins
  14 jackals
  A quokka (D:3)
  5 bats
  A giant gecko skeleton (D:4)
  2 giant newts (D:1)
  5 kobolds
  5 rats
121 creatures vanquished.

Vanquished Creatures (collateral kills)
  The ghost of mopl the Sneak, an amateur HEEn (D:3)
  A giant gecko (D:3)
  A hobgoblin (D:3)
3 creatures vanquished.

Grand Total: 124 creatures vanquished

Notes
Turn   | Place    | Note
--------------------------------------------------------------
     0 | D:1      | Mefis the Deep Elf Wizard began the quest for the Orb.
     0 | D:1      | Reached XP level 1. HP: 10/10 MP: 7/7
   361 | D:1      | Reached XP level 2. HP: 15/15 MP: 6/9
   515 | D:1      | Learned a level 2 spell: Call Imp
   518 | D:1      | Learned a level 2 spell: Blink
   521 | D:1      | Learned a level 2 spell: Repel Missiles
  1226 | D:2      | Reached XP level 3. HP: 19/19 MP: 9/11
  2224 | D:2      | Reached XP level 4. HP: 24/24 MP: 4/12
  2497 | D:3      | Learned a level 3 spell: Mephitic Cloud
  2554 | D:3      | Noticed Natasha
  2617 | D:3      | Noticed mopl's ghost (amateur HEEn)
  2864 | D:3      | Reached skill level 5 in Spellcasting
  2951 | D:3      | Noticed an ogre
  2961 | D:3      | Killed an ogre
  2961 | D:3      | Reached skill level 1 in Poison Magic
  2961 | D:3      | Reached XP level 5. HP: 28/28 MP: 3/14
  3032 | D:3      | HP: 1/28 [Natasha (6)]
  3632 | D:3      | Killed mopl's ghost
  3632 | D:3      | Reached skill level 1 in Shields
  4524 | D:3      | Killed Natasha
  4524 | D:3      | Reached XP level 6. HP: 32/32 MP: 16/16
  4768 | D:4      | Learned a level 3 spell: Conjure Flame
  4801 | D:4      | Learned a level 2 spell: Slow
  4811 | D:4      | Found a shimmering altar of Xom.
  5094 | D:3      | Noticed Natasha
  5127 | D:4      | Reached skill level 1 in Fire Magic
  5232 | D:4      | Reached XP level 7. HP: 36/36 MP: 17/17
  5578 | D:5      | Entered Level 5 of the Dungeon
  6193 | D:5      | Found a snail-covered altar of Cheibriados.
  6362 | D:5      | Noticed Menkaure
  6378 | D:5      | Reached skill level 6 in Spellcasting
  6383 | D:5      | Killed Menkaure
  6383 | D:5      | Reached skill level 5 in Stealth
  6383 | D:5      | Reached XP level 8. HP: 41/41 MP: 19/19
  7092 | D:6      | Noticed Jessica
  7093 | D:6      | Killed Jessica
  7102 | D:6      | Reached skill level 5 in Dodging
  7112 | D:6      | Noticed Grinder
  7114 | D:6      | Paralysed by Grinder for 4 turns
  7126 | D:6      | Paralysed by Grinder for 6 turns
  7128 | D:6      | Slain by Grinder

Skill      XL: |  1  2  3  4  5  6  7  8 |
---------------+-------------------------+-----
Conjurations   | 2 3 4 |  4.8
Stealth        | 3 4 5 |  5.5
Dodging        | 3 4 5 |  5.0
Spellcasting   | 5 6 |  6.3
Summonings     | 2 3 |  3.8
Poison Magic   | 1 2 3 |  3.0
Shields        | 1 2 |  2.9
Fire Magic     | 1 2 |  2.6
Translocations | |  1.1

Action                   |  1- 3 |  4- 6 |  7- 9 || total
-------------------------+-------+-------+-------++-------
Melee: Dagger            |     7 |    14 |       ||    21
       Staff             |       |     4 |     1 ||     5
 Cast: Magic Dart        |    75 |   125 |   170 ||   370
       Repel Missiles    |     1 |       |       ||     1
       Call Imp          |       |     6 |     8 ||    14
       Mephitic Cloud    |       |     8 |     4 ||    12
       Blink             |       |     2 |     2 ||     4
       Conjure Flame     |       |     1 |       ||     1
 Stab: Sleeping          |     4 |     1 |     1 ||     6
  Eat: Chunk             |     4 |     5 |     1 ||    10
       Bread ration      |       |     1 |     1 ||     2
Armor: Robe              |     1 |     4 |     3 ||     8
Dodge: Dodged            |    10 |    22 |    30 ||    62
       Deflected         |       |     2 |       ||     2
Block: Buckler           |       |       |     1 ||     1
